[Event "Titled Tuesday Blitz May 4 2021"]
[White "Lewtak, Damian"]
[Black "Perez Gormaz, Matias"]
[WhiteFideId "1141724"]
[BlackFideId "3406342"]
[WhiteElo "2291"]
[BlackElo "2414"]
[Result "0-1"]
[Round "10"]
[TimeControl "180+1"]
[Date "2021.05.04"]
[WhiteClock "0:00:09"]
[BlackClock "0:00:07"]

1. e4 c5 2. Nf3 d6 3. d4 cxd4 4. Nxd4 Nf6 5. Nc3 a6 6. Be2 e5 7. Nf3 Be7 8. h3 O-O 9. Bg5 Be6 10. Bxf6 Bxf6 11. Nh2 Nc6 12. Nf1 Qb6 13. Rb1 Bg5 14. Ng3 Bh4 15. Na4 Qa7 16. Qxd6 Nd4 17. Qc5 b6 18. Qxb6 Qd7 19. Nc5 Nxc2+ 20. Kf1 Qd4 21. Rd1 Ne3+ 22. fxe3 Qxe3 23. Rd3 Qc1+ 24. Rd1 Qf4+ 25. Kg1 Qe3+ 26. Kf1 Bxg3 27. Na4 Qf4+ 28. Bf3 Rac8 29. Nc3 Rb8 30. Qd6 Rxb2 31. Qd3 h6 32. Ne2 Qg5 33. Qc3 Rbb8 34. a4 Rfc8 35. Qd2 Bc4 36. Qxg5 hxg5 37. h4 gxh4 38. Kg1 Bxe2 39. Bxe2 Rb2 40. Bg4 Rcb8 41. Kf1 g6 42. Bf3 Rf2+ 43. Kg1 Rfb2 44. Kf1 a5 45. Rh3 Rf2+ 46. Kg1 Rfb2 47. Rh1 Rb1 48. Kf1 R8b2 49. Rg1 Kg7 50. Rh1 Kf6 51. Rh3 Kg5 52. Kg1 Rxd1+ 53. Bxd1 Rb1 54. Kf1 Rxd1+ 55. Ke2 Rd4 56. Ke3 Kg4 57. Rh1 Rxa4 58. Re1 f5 59. Rf1 Ra3+ 60. Ke2 f4 61. Rb1 Re3+ 62. Kd2 Rxe4 0-1


[Site "https://www.chess.com"]

[Event "Titled Tuesday Blitz May 4 2021"]
[White "Ljukin, Sergei"]
[Black "Gaboyan, Susanna"]
[WhiteFideId "14102200"]
[BlackFideId "13303627"]
[WhiteElo "2287"]
[BlackElo "2135"]
[Result "1-0"]
[Round "10"]
[TimeControl "180+1"]
[Date "2021.05.04"]
[WhiteClock "0:02:34"]
[BlackClock "0:01:34"]

1. e4 c5 2. Nf3 Nc6 3. d4 cxd4 4. Nxd4 Nf6 5. Nc3 e5 6. Ndb5 d6 7. Nd5 Nxd5 8. exd5 Ne7 9. c3 Ng6 10. Qa4 Bd7 11. Qb4 Qb8 12. Qc4 Kd8 13. Be3 a6 14. Bb6+ Ke7 15. Nc7 Ra7 16. a4 1-0


[Site "https://www.chess.com"]

[Event "Titled Tuesday Blitz May 4 2021"]
[White "Lomaia, Diana"]
[Black "Trost, Edvin"]
[WhiteFideId "13612476"]
[BlackFideId "1729519"]
[WhiteElo "1742"]
[BlackElo "2028"]
[Result "1/2-1/2"]
[Round "10"]
[TimeControl "180+1"]
[Date "2021.05.04"]
[WhiteClock "0:00:07"]
[BlackClock "0:00:02"]

1. d4 Nf6 2. c4 g6 3. g3 Bg7 4. Bg2 O-O 5. Nc3 Nc6 6. Nf3 d5 7. cxd5 Nxd5 8. e4 Nxc3 9. bxc3 e5 10. Be3 exd4 11. cxd4 Re8 12. e5 Be6 13. O-O Bd5 14. Qd2 Qd7 15. Rab1 Rad8 16. Rxb7 Bxf3 17. Bxf3 Nxd4 18. Bxd4 Qxd4 19. Qxd4 Rxd4 20. Rxc7 a5 21. Ra7 Rxe5 22. Ra8+ Bf8 23. Rb1 Kg7 24. Kg2 h5 25. h4 Bd6 26. Ra7 Rd2 27. Rbb7 Rf5 28. Rd7 Rf6 29. Rxa5 Rd3 30. Be4 Rd4 31. Rd5 Rxd5 32. Bxd5 Bc5 33. f3 Rf5 34. a4 Bb4 35. Bc4 Ba5 36. Ra7 Bb6 37. Ra6 Bc7 38. Ra7 Rc5 39. Bb5 Rc2+ 40. Kh3 Bb6 41. Re7 Bg1 42. Re2 Rc3 43. Kg2 Bb6 44. Be8 Rc7 45. Ra2 Ba5 46. Rb2 Re7 47. Bc6 Bc3 48. Rc2 Bd4 49. a5 Ra7 50. Ra2 f5 51. a6 Rc7 52. Bb7 Ba7 53. Rd2 Kf6 54. Kh3 Ke5 55. Re2+ Kf6 56. g4 fxg4+ 57. fxg4 Rc3+ 58. Kg2 hxg4 59. Rd2 Rc1 60. Rd6+ Kf5 61. Rc6 Rg1+ 62. Kh2 g3+ 63. Kh3 Bf2 64. Bc8+ Kf4 65. Rf6+ Ke3 66. Re6+ Kd2 67. Rd6+ Kc3 68. Rc6+ Kd4 69. Rd6+ Ke5 70. Rxg6 Rh1+ 71. Kg2 Rh2+ 72. Kf3 Rxh4 73. Rg7 Rf4+ 74. Kg2 Ra4 75. a7 Bxa7 76. Kxg3 Ra3+ 77. Kg2 Kf6 78. Rg3 Ra2+ 79. Kh3 Bb8 80. Rb3 Be5 81. Kg4 Ra4+ 82. Kf3 Rd4 83. Ke3 Rf4 84. Rb6+ Kg5 85. Rb5 Kf6 86. Rb6+ Kf7 87. Rb5 Bd6 88. Rd5 Ke7 89. Rxd6 Kxd6 90. Kxf4 1/2-1/2


[Site "https://www.chess.com"]

[Event "Titled Tuesday Blitz May 4 2021"]
[White "Loy, Konstantin"]
[Black "Kett, Tim"]
[WhiteFideId "14122499"]
[BlackFideId "1801210"]
[WhiteElo "2084"]
[BlackElo "2098"]
[Result "1-0"]
[Round "10"]
[TimeControl "180+1"]
[Date "2021.05.04"]
[WhiteClock "0:00:28"]
[BlackClock "0:00:01"]

1. e4 e5 2. Nf3 Nc6 3. d4 exd4 4. Nxd4 Nf6 5. Nxc6 bxc6 6. Bd3 d5 7. e5 Ng4 8. O-O Bc5 9. Qe2 Qe7 10. Bf4 g5 11. Bd2 Qxe5 12. Qxe5+ Nxe5 13. Re1 f6 14. Bxg5 Kf7 15. Be3 Nxd3 16. cxd3 Bd6 17. Nc3 Be6 18. Rac1 c5 19. Nb5 d4 20. Nxd6+ cxd6 21. Bf4 Rhd8 22. b4 Bxa2 23. bxc5 dxc5 24. Rxc5 Rd7 25. Ra5 Bd5 26. f3 Re8 27. Rxe8 Kxe8 28. Bb8 Bb3 29. Bxa7 Bc2 30. Ra3 Bxd3 31. Rxd3 Rxa7 32. Rxd4 Ra2 33. Rh4 Ra7 34. Kf2 Kf8 35. Kg3 Kg7 36. Rg4+ Kf7 37. Rc4 Ra2 38. h4 h5 39. Kh3 Kg6 40. Rc3 Rb2 41. g4 hxg4+ 42. fxg4 Rb1 43. Kg3 Ra1 44. Rc4 Rg1+ 45. Kh3 Rh1+ 46. Kg3 Rd1 47. Rf4 Ra1 48. Rf3 Rb1 49. Re3 Ra1 50. Kf4 Ra4+ 51. Re4 Ra1 52. h5+ Kg7 53. Kf5 1-0


[Site "https://www.chess.com"]

[Event "Titled Tuesday Blitz May 4 2021"]
[White "Lysenko, Volodymyr"]
[Black "Antonio, Jorge Carlos"]
[WhiteFideId "14175770"]
[BlackFideId "113190"]
[WhiteElo "1957"]
[BlackElo "2247"]
[Result "1/2-1/2"]
[Round "10"]
[TimeControl "180+1"]
[Date "2021.05.04"]
[WhiteClock "0:00:07"]
[BlackClock "0:00:28"]

1. d4 g6 2. c4 Bg7 3. Nc3 Nf6 4. e4 d6 5. Bg5 h6 6. Bh4 O-O 7. Nf3 c6 8. Be2 g5 9. Bg3 Nh5 10. O-O Nxg3 11. hxg3 Bg4 12. Re1 Qb6 13. Na4 Qc7 14. e5 Rd8 15. exd6 Rxd6 16. d5 e6 17. Rc1 cxd5 18. cxd5 Qa5 19. Rc8+ Kh7 20. Nxg5+ hxg5 21. Bxg4 Qxd5 22. Qc2+ Qd3 23. Qxd3+ Rxd3 24. b3 Rd7 25. Nc5 Na6 26. Rxa8 Nxc5 27. Rxa7 Bd4 28. Ra8 f5 29. Bf3 g4 30. Be2 Ne4 31. Kf1 Bxf2 32. Rd1 Bd4 33. Bc4 Nxg3+ 34. Ke1 Bc3+ 35. Kf2 Rxd1 36. Kxg3 e5 37. Kh4 Kg6 38. Rg8+ Kf6 39. Rf8+ Kg6 40. Rg8+ Kf6 41. Rf8+ Kg6 42. Rg8+ 1/2-1/2


[Site "https://www.chess.com"]

[Event "Titled Tuesday Blitz May 4 2021"]
[White "Madaminov, Mukhiddin"]
[Black "Garcia Blanco, Omar"]
[WhiteFideId "14210703"]
[BlackFideId "2287153"]
[WhiteElo "1747"]
[BlackElo "2273"]
[Result "1-0"]
[Round "10"]
[TimeControl "180+1"]
[Date "2021.05.04"]
[WhiteClock "0:00:13"]
[BlackClock "0:00:01"]

1. d4 Nf6 2. Nc3 d5 3. Bf4 g6 4. Nf3 Bg7 5. Ne5 O-O 6. Qd2 c5 7. e3 Qa5 8. Nb5 Qxd2+ 9. Kxd2 Na6 10. f3 cxd4 11. exd4 Be6 12. c3 Nd7 13. Re1 Nxe5 14. Bxe5 Bh6+ 15. Kc2 Rfc8 16. Kb3 Bd7 17. a4 f6 18. Bg3 Kf7 19. Bd3 Bg7 20. Re2 Bxb5 21. axb5 Nc7 22. Rhe1 Bf8 23. Ra1 Ne8 24. Ra5 b6 25. Ra4 Rd8 26. Re1 Rd7 27. Rea1 e6 28. Ra6 Rb7 29. c4 dxc4+ 30. Bxc4 Bd6 31. Re1 Re7 32. Bd3 Bxg3 33. hxg3 Nc7 34. Ra4 Nd5 35. Bc4 Rd7 36. Rea1 Nc7 37. Rxa7 Rxa7 38. Rxa7 Ke7 39. Rb7 Na8 40. Rb8 Ra7 41. Rh8 Kd6 42. Bd3 Nc7 43. Rxh7 Nxb5 44. Rxa7 Nxa7 45. Bxg6 Nb5 46. Kc4 Nc7 47. g4 b5+ 48. Kd3 Nd5 49. g3 Nb4+ 50. Ke4 Nd5 51. f4 Nb6 52. b3 Nd5 53. Be8 Nc7 54. Bg6 Nd5 55. Kd3 Nb4+ 56. Kd2 Nd5 57. Be4 Ne7 58. Kc3 f5 59. Bf3 fxg4 60. Bxg4 Nd5+ 61. Kd3 Nb4+ 62. Ke4 Nd5 63. Bf3 Nc3+ 64. Kd3 Na2 65. g4 Nb4+ 66. Kc3 Na6 67. g5 Nc7 68. Kb4 Ne8 69. Kxb5 Ng7 70. Bg4 Ne8 71. Kc4 Nc7 72. g6 Ne8 73. b4 Nf6 74. b5 Nxg4 75. g7 Nf6 76. Kb4 Kc7 77. Kc5 Nd7+ 78. Kb4 Nf6 79. Ka5 Kb7 80. b6 Ng8 81. Kb5 Ne7 82. Kc5 Ng8 83. Kd6 Kxb6 84. Kxe6 Kc7 85. f5 Kd8 86. f6 Nh6 87. f7 Nxf7 88. g8=Q+ 1-0


[Site "https://www.chess.com"]

[Event "Titled Tuesday Blitz May 4 2021"]
[White "Maiorov, Nikita"]
[Black "Pinto, Daniel"]
[WhiteFideId "13501720"]
[BlackFideId "3303144"]
[WhiteElo "2440"]
[BlackElo "1936"]
[Result "1-0"]
[Round "10"]
[TimeControl "180+1"]
[Date "2021.05.04"]
[WhiteClock "0:00:45"]
[BlackClock "0:00:04"]

1. d4 Nf6 2. c4 e6 3. Nf3 d5 4. Nc3 Bb4 5. Bg5 h6 6. Bxf6 Qxf6 7. Qa4+ Nc6 8. e3 O-O 9. Be2 dxc4 10. a3 Bd6 11. Qxc4 e5 12. d5 Ne7 13. O-O Qg6 14. Nd2 Bh3 15. Bf3 f5 16. Kh1 Bg4 17. Bxg4 fxg4 18. Nce4 Nf5 19. Rac1 Rf7 20. Qb5 b6 21. b4 Raf8 22. Qe2 Nh4 23. Ng3 h5 24. Nde4 Qh6 25. Rc6 Nf5 26. Nxf5 Rxf5 27. Kg1 Qg6 28. Qc2 Kh7 29. Ng3 R5f7 30. Nxh5 Qxc2 31. Rxc2 e4 32. Rc4 Rf5 33. Ng3 Rxd5 34. Nxe4 Be5 35. g3 Kg6 36. Rfc1 Kf5 37. Nc3 Rd2 38. Nb1 Rfd8 39. Nxd2 Rxd2 40. Rxc7 Bb2 41. R1c2 Rd1+ 42. Kg2 Bxa3 43. Rxa7 Bxb4 44. Rf7+ Kg6 45. Rcc7 Bc5 46. Rxg7+ Kf5 47. Rcf7+ Ke4 48. Rxg4+ Kd3 49. Rd7+ Ke2 50. Rxd1 1-0


[Site "https://www.chess.com"]

[Event "Titled Tuesday Blitz May 4 2021"]
[White "Maly, Alexey"]
[Black "Suvorov, Alexander"]
[WhiteFideId "14103184"]
[BlackFideId "12977063"]
[WhiteElo "2314"]
[BlackElo "2221"]
[Result "1-0"]
[Round "10"]
[TimeControl "180+1"]
[Date "2021.05.04"]
[WhiteClock "0:00:09"]
[BlackClock "0:00:04"]

1. d4 Nf6 2. c4 e6 3. Nf3 d5 4. e3 b6 5. Nbd2 Bb7 6. Bd3 Nbd7 7. O-O Bd6 8. Qe2 Ne4 9. b3 f5 10. Bb2 O-O 11. cxd5 exd5 12. Ba6 Bxa6 13. Qxa6 Qe7 14. g3 Ndf6 15. Rac1 Nxd2 16. Nxd2 Ng4 17. Qd3 Qe6 18. Nf3 Rac8 19. Kg2 a5 20. Rc2 h6 21. h3 Nf6 22. Ne5 Ne4 23. Rfc1 Bxe5 24. dxe5 c5 25. f3 Ng5 26. h4 Nf7 27. f4 Rfd8 28. Rd1 h5 29. Rcd2 Nh6 30. a4 Ng4 31. Kg1 Kh7 32. Qe2 c4 33. bxc4 Rxc4 34. Bd4 Rxa4 35. Bxb6 Rb8 36. Bd4 Rb3 37. Rb2 Rab4 38. Rxb3 Rxb3 39. Qa2 Rb5 40. Rb1 Qc6 41. Rxb5 Qxb5 42. e6 Qd3 43. e7 Qe4 44. Bc5 Nf6 45. Bd4 Qf3 46. Bxf6 Qxg3+ 47. Kf1 Qf3+ 48. Qf2 Qd1+ 49. Kg2 Qg4+ 50. Qg3 Qe2+ 51. Kh3 Qf1+ 52. Qg2 Qxg2+ 53. Kxg2 gxf6 54. e8=Q 1-0


[Site "https://www.chess.com"]

[Event "Titled Tuesday Blitz May 4 2021"]
[White "Manolache, Marius"]
[Black "Mohammad Fahad, Rahman"]
[WhiteFideId "1201530"]
[BlackFideId "10207791"]
[WhiteElo "2391"]
[BlackElo "2308"]
[Result "1-0"]
[Round "10"]
[TimeControl "180+1"]
[Date "2021.05.04"]
[WhiteClock "0:01:47"]
[BlackClock "0:00:18"]

1. d4 d5 2. c4 c6 3. Nc3 Nf6 4. Nf3 e6 5. g3 dxc4 6. Bg2 Nbd7 7. O-O Bb4 8. Bg5 h6 9. Bxf6 Nxf6 10. Ne5 O-O 11. Nxc4 Nd5 12. Rc1 Nxc3 13. bxc3 Be7 14. Rb1 Qc7 15. Ne5 Rd8 16. Qb3 Bf6 17. f4 c5 18. e3 Rb8 19. Nc6 bxc6 20. Qxb8 Qa5 21. Rfc1 Qxa2 22. Qb2 Qc4 23. Qb3 Qd3 24. Re1 Ba6 25. Bf1 Qxf1+ 26. Rxf1 Bxf1 27. Kxf1 cxd4 28. cxd4 Rd5 29. Qc4 Ra5 30. Qxc6 Ra2 31. Qc4 Rxh2 32. Kg1 Rd2 33. Qc3 Ra2 34. Qd3 g6 35. Qc4 Ra3 36. Kf2 h5 37. Rb8+ Kg7 38. Rb7 h4 39. gxh4 Bxh4+ 40. Ke2 Ra5 41. Qxe6 1-0


[Site "https://www.chess.com"]

[Event "Titled Tuesday Blitz May 4 2021"]
[White "Markidis, Konstantinos"]
[Black "Li, Hui"]
[WhiteFideId "4203500"]
[BlackFideId "15400310"]
[WhiteElo "2304"]
[BlackElo "1954"]
[Result "1-0"]
[Round "10"]
[TimeControl "180+1"]
[Date "2021.05.04"]
[WhiteClock "0:01:59"]
[BlackClock "0:00:46"]

1. e4 e5 2. Nf3 Nf6 3. Nxe5 d6 4. Nf3 Nxe4 5. d4 d5 6. Bd3 Be7 7. O-O Nc6 8. Nbd2 Nxd2 9. Qxd2 O-O 10. c3 Bf6 11. Qc2 g6 12. h3 Ne7 13. Bf4 Bf5 14. Rfe1 Bxd3 15. Qxd3 c6 16. Ne5 Nf5 17. Ng4 Bg7 18. Ne3 Nxe3 19. Rxe3 Re8 20. Rae1 Rxe3 21. Qxe3 Qb6 22. Qe8+ Rxe8 23. Rxe8+ Bf8 24. Bh6 1-0


[Site "https://www.chess.com"]

[Event "Titled Tuesday Blitz May 4 2021"]
[White "Martinez Lopez, David"]
[Black "Fajdetic, Hrvoje"]
[WhiteFideId "22235779"]
[BlackFideId "14501945"]
[WhiteElo "2337"]
[BlackElo "2153"]
[Result "0-1"]
[Round "10"]
[TimeControl "180+1"]
[Date "2021.05.04"]
[WhiteClock "0:00:02"]
[BlackClock "0:00:01"]

1. e4 e6 2. d4 d5 3. e5 c5 4. c3 Nc6 5. Nf3 Bd7 6. Be2 f6 7. O-O fxe5 8. dxe5 c4 9. Bf4 Nge7 10. Re1 Ng6 11. Bg3 Be7 12. Bf1 O-O 13. Nbd2 Nf4 14. Bxf4 Rxf4 15. g3 Rf7 16. h4 Qb6 17. b3 Bc5 18. Qe2 Raf8 19. Bg2 cxb3 20. Nxb3 Be7 21. Nbd4 Nxd4 22. cxd4 Bb5 23. Qe3 Ba6 24. Rab1 Qa5 25. Rbc1 Bd8 26. a3 Bc4 27. Red1 Be7 28. Rc3 b5 29. Ng5 Bxg5 30. hxg5 Rxf2 31. Bh3 Re2 32. Bxe6+ Kh8 33. Qf3 Rxf3 34. Rxf3 Qd8 35. Rdf1 Re1 36. Rxe1 g6 37. Kg2 h5 0-1


[Site "https://www.chess.com"]

[Event "Titled Tuesday Blitz May 4 2021"]
[White "Matinian, Nikita"]
[Black "Hess, Robert"]
[WhiteFideId "24129100"]
[BlackFideId "2022036"]
[WhiteElo "2410"]
[BlackElo "2557"]
[Result "0-1"]
[Round "10"]
[TimeControl "180+1"]
[Date "2021.05.04"]
[WhiteClock "0:00:01"]
[BlackClock "0:00:05"]

1. e4 g6 2. d4 Bg7 3. Nc3 a6 4. f4 e6 5. Nf3 Ne7 6. h4 h5 7. f5 exf5 8. Bg5 f6 9. Bf4 fxe4 10. Nxe4 d5 11. Ng3 Nbc6 12. c3 Bg4 13. Bd3 Qd7 14. Qc2 O-O-O 15. O-O g5 16. hxg5 h4 17. Nh1 h3 18. g3 fxg5 19. Bxg5 Bxf3 20. Rxf3 h2+ 21. Kf2 Bxd4+ 22. cxd4 Nxd4 23. Qc5 Nxf3 24. Kxf3 Rdf8+ 25. Ke3 Nc6 26. Bf4 Qh3 27. Qxd5 Kb8 28. Qf3 Rd8 29. Be4 Rhe8 30. Kf2 Nd4 31. Qg2 Qe6 32. Re1 Qb6 33. Kf1 Qb5+ 34. Kf2 Qxb2+ 35. Kf1 Qb5+ 36. Kf2 Ne6 37. Re2 Nxf4 38. gxf4 Rd4 39. Bf3 Rxe2+ 40. Bxe2 Qc5 41. Kg3 Rd2 42. Kxh2 Qe3 43. Ng3 Qxf4 44. Kg1 Qe3+ 45. Kh2 Ka7 46. Kh3 Rxa2 47. Qf1 Ra3 48. Qg2 b5 49. Kh2 Qf4 50. Qg1+ Re3 51. Qg2 Kb6 52. Bd1 c5 0-1


[Site "https://www.chess.com"]

[Event "Titled Tuesday Blitz May 4 2021"]
[White "Matthiesen, Martin"]
[Black "Valle Maytin, Luis Enrique"]
[WhiteFideId "1404067"]
[BlackFideId "3503666"]
[WhiteElo "2337"]
[BlackElo "2305"]
[Result "1-0"]
[Round "10"]
[TimeControl "180+1"]
[Date "2021.05.04"]
[WhiteClock "0:00:10"]
[BlackClock "0:00:02"]

1. d4 d5 2. c4 c6 3. Nc3 Nf6 4. e3 e6 5. Nf3 Nbd7 6. Be2 Bd6 7. O-O O-O 8. b3 b6 9. Bb2 Bb7 10. Bd3 Rc8 11. Qc2 c5 12. cxd5 cxd4 13. Nxd4 Bxd5 14. Qe2 Bb7 15. Ba6 Bxa6 16. Qxa6 Bb8 17. Rfd1 Nc5 18. Qe2 Qc7 19. g3 Rfd8 20. Rac1 Qb7 21. Rd2 Nfe4 22. Nxe4 Nxe4 23. Rdc2 Rxc2 24. Qxc2 Ng5 25. Qc6 Qxc6 26. Nxc6 Re8 27. Nxb8 Rxb8 28. Rc7 Ra8 29. Kg2 f6 30. f3 e5 31. f4 exf4 32. exf4 Ne6 33. Re7 Nc5 34. g4 Nd3 35. Ba3 Nxf4+ 36. Kg3 Nd5 37. Rd7 Nc3 38. Bb2 Nxa2 39. g5 Rf8 40. Rxa7 Nb4 41. h4 Nd3 42. Ba1 Ne5 43. h5 Nc6 44. Rc7 Na5 45. b4 Nb3 46. Bc3 Nc1 47. Ba1 Nd3 48. h6 gxh6 49. gxf6 Ne5 50. Rg7+ Kh8 51. Kf4 Nf7 52. Kf5 h5 53. Ke6 Ng5+ 54. Rxg5 Re8+ 55. Kd7 1-0


[Site "https://www.chess.com"]

[Event "Titled Tuesday Blitz May 4 2021"]
[White "Mayaud, Raphael"]
[Black "davigator"]
[WhiteFideId "627151"]
[WhiteElo "2191"]
[BlackElo "2392"]
[Result "1-0"]
[Round "10"]
[TimeControl "180+1"]
[Date "2021.05.04"]
[WhiteClock "0:00:45"]
[BlackClock "0:00:57"]

1. d4 Nf6 2. Bg5 e6 3. e4 d5 4. Nd2 dxe4 5. Nxe4 Be7 6. Nxf6+ Bxf6 7. Bxf6 Qxf6 8. Nf3 O-O 9. Bd3 c5 10. Qe2 Nc6 11. Qe4 g6 12. dxc5 Qxb2 13. O-O Qc3 14. Ng5 Qg7 15. Rfe1 h6 16. Nf3 Qc3 17. Rab1 Qxc5 18. Rb5 Qe7 19. Ne5 Nxe5 20. Qxe5 Rd8 21. g3 Qd6 22. Qf6 Qd4 23. Rbe5 Qg4 24. R1e4 Qd1+ 25. Re1 Rxd3 26. cxd3 Qxd3 27. h4 Bd7 28. h5 g5 29. Qxh6 f6 30. Qxf6 Qh7 31. Rxg5+ 1-0


[Site "https://www.chess.com"]

[Event "Titled Tuesday Blitz May 4 2021"]
[White "Mchedlishvili, Mikheil"]
[Black "Nesterov, Arseniy"]
[WhiteFideId "13600966"]
[BlackFideId "24198455"]
[WhiteElo "2618"]
[BlackElo "2441"]
[Result "0-1"]
[Round "10"]
[TimeControl "180+1"]
[Date "2021.05.04"]
[WhiteClock "0:00:01"]
[BlackClock "0:00:11"]

1. d4 d5 2. c4 e6 3. Nf3 c5 4. cxd5 exd5 5. g3 Nc6 6. Bg2 Nf6 7. O-O Be7 8. Nc3 O-O 9. b3 Bg4 10. Bb2 a6 11. dxc5 Bxc5 12. Rc1 Ba7 13. e3 d4 14. exd4 Nxd4 15. Na4 Nxf3+ 16. Bxf3 Qxd1 17. Bxd1 Bh3 18. Re1 Rfe8 19. Bf3 Ng4 20. Bxg4 Bxg4 21. Ba3 b5 22. Bc5 Rxe1+ 23. Rxe1 bxa4 24. Bxa7 axb3 25. axb3 Be6 26. Bb6 Rb8 27. Ba5 Rxb3 28. Rc1 h6 29. Rc5 Bh3 30. Rc1 Rb5 31. Ra1 f6 32. Bc7 Kf7 33. Ba5 h5 34. Bd2 Rb2 35. Bc3 Rc2 36. Bb4 Kg6 37. Be1 Kf5 38. Ba5 Ke4 39. Ra4+ Kd5 40. Ra1 Kc6 41. Be1 Kb5 42. Ra5+ Kb6 43. Rxh5 Rc1 44. Rxh3 Rxe1+ 45. Kg2 a5 46. Rh7 Re7 47. h4 a4 48. h5 Ra7 49. h6 gxh6 50. Rxh6 a3 51. Rxf6+ Kb5 52. Re6 a2 53. Re1 a1=Q 54. Rxa1 Rxa1 55. Kf3 Kc5 56. Kf4 Kd5 57. Kg5 Ke6 58. Kg6 Rg1 59. Kg5 Rg2 60. g4 0-1


[Site "https://www.chess.com"]

[Event "Titled Tuesday Blitz May 4 2021"]
[White "Mekhitarian, Krikor Sevag"]
[Black "ValeriyGrinev"]
[WhiteFideId "2107660"]
[WhiteElo "2598"]
[BlackElo "2632"]
[Result "1/2-1/2"]
[Round "10"]
[TimeControl "180+1"]
[Date "2021.05.04"]
[WhiteClock "0:00:04"]
[BlackClock "0:00:14"]

1. e4 c5 2. Nf3 d6 3. d4 cxd4 4. Nxd4 Nf6 5. Nc3 g6 6. Be3 Bg7 7. f3 O-O 8. Qd2 Nc6 9. Bc4 Bd7 10. O-O-O Qa5 11. h4 Rfc8 12. Bb3 Ne5 13. g4 Rc4 14. h5 Rxd4 15. Bxd4 Nxf3 16. Qf2 Nxd4 17. Rxd4 Bxg4 18. hxg6 hxg6 19. Nd5 Re8 20. Ne3 Bh5 21. Kb1 e6 22. Nc4 Qc5 23. Nxd6 Rd8 24. Qd2 Nxe4 25. Rxe4 Rxd6 26. Qf4 g5 27. Qg3 Bg6 28. Ree1 Qd4 29. Qc3 Qxc3 30. bxc3 Bxc3 31. Reg1 Bf6 32. Rd1 Rb6 33. Rd7 a5 34. Rf1 Kg7 35. Kc1 g4 36. Bc4 g3 37. Bd3 Bxd3 38. cxd3 Rc6+ 39. Kd1 Rb6 40. Rf3 Be5 41. Rdxf7+ Kg6 42. Rf8 g2 43. Rg8+ Kh7 44. Rxg2 Rb1+ 45. Ke2 Rb2+ 46. Kf1 Rb1+ 47. Kf2 Rb2+ 48. Kg1 Rb1+ 49. Kf2 Rb2+ 50. Kf1 Rb1+ 51. Ke2 Rb2+ 52. Kf1 1/2-1/2


[Site "https://www.chess.com"]

[Event "Titled Tuesday Blitz May 4 2021"]
[White "Mikhalevski, Victor"]
[Black "AldokhinIvan"]
[WhiteFideId "2801914"]
[WhiteElo "2567"]
[BlackElo "2544"]
[Result "1-0"]
[Round "10"]
[TimeControl "180+1"]
[Date "2021.05.04"]
[WhiteClock "0:00:12"]
[BlackClock "0:00:02"]

1. Nf3 Nf6 2. g3 g6 3. Bg2 Bg7 4. O-O O-O 5. b3 d6 6. d4 Nc6 7. Bb2 Bf5 8. c4 a5 9. Nc3 Ne4 10. Nd5 a4 11. e3 e6 12. Nf4 e5 13. Nd5 a3 14. Bc1 exd4 15. exd4 Nf6 16. Bg5 Re8 17. Nh4 h6 18. Nxf5 hxg5 19. Nxg7 Kxg7 20. Nc3 g4 21. Qd2 Qd7 22. Rfe1 Qf5 23. Nb5 Rxe1+ 24. Rxe1 Rh8 25. Nxc7 Qh5 26. Nd5 Qxh2+ 27. Kf1 Qh6 28. Qxh6+ Rxh6 29. Nxf6 Kxf6 30. Re4 Kg5 31. d5 Ne5 32. c5 f5 33. Re2 Nf3 34. cxd6 Rh8 35. Re7 Rc8 36. Rc7 Rd8 37. Bxf3 gxf3 38. d7 b5 39. Ke1 b4 40. Kd2 f4 41. gxf4+ Kxf4 42. Rc4+ Kf5 43. Ke3 Rxd7 44. Rxb4 Rxd5 45. Ra4 g5 46. Kxf3 g4+ 47. Kg2 Rd2 48. Rxa3 Kf4 49. Ra4+ Kf5 50. Kg3 Rd3+ 51. Kg2 Rd2 52. Kf1 Rb2 53. Ke1 Kg5 54. Rc4 Kf5 55. Rc5+ Kf4 56. Rc4+ Kf3 57. Rc3+ Kf4 58. a4 Ke4 59. Kf1 Kd4 60. Rg3 Ke5 61. Rxg4 Rxb3 62. Kg2 Kf5 63. Rh4 Ra3 64. Rc4 Ke5 65. f3 Kd5 66. Re4 Ra1 67. Kg3 Kd6 68. Kf4 Kd5 69. Kf5 Ra3 70. f4 Ra1 71. a5 Kd6 72. Re5 Ra4 73. Rb5 Kc6 74. Re5 Kd6 75. Kg4 Kd7 76. Rh5 Ke6 77. a6 Kf7 78. Rh6 Ra1 79. Rb6 Ra2 80. Kg5 Ra5+ 81. f5 Ra1 82. Rb7+ Kf8 83. a7 Ra6 84. Rb8+ Kf7 85. a8=Q Ra7 86. Qxa7# 1-0


[Site "https://www.chess.com"]

[Event "Titled Tuesday Blitz May 4 2021"]
[White "Mirzoev, Azer"]
[Black "Mohandesi, Shahin"]
[WhiteFideId "13400304"]
[BlackFideId "12501247"]
[WhiteElo "2525"]
[BlackElo "1993"]
[Result "1-0"]
[Round "10"]
[TimeControl "180+1"]
[Date "2021.05.04"]
[WhiteClock "0:00:07"]
[BlackClock "0:00:01"]

1. d4 Nf6 2. c4 e6 3. Nc3 Bb4 4. Qc2 d5 5. a3 Bxc3+ 6. Qxc3 dxc4 7. Qxc4 b6 8. Bg5 Ba6 9. Qa4+ Qd7 10. Qxd7+ Nbxd7 11. Nf3 c5 12. Rc1 h6 13. Bxf6 gxf6 14. e3 Bxf1 15. Rxf1 Ke7 16. dxc5 Nxc5 17. Ke2 e5 18. Rc3 a5 19. Rfc1 a4 20. Nd2 Rad8 21. f3 Rhg8 22. g3 h5 23. Ne4 Nxe4 24. fxe4 h4 25. Rc7+ Rd7 26. Kf3 hxg3 27. hxg3 Rb8 28. R1c6 Rxc7 29. Rxc7+ Ke6 30. Ra7 b5 31. Ra6+ Ke7 32. Ke2 Rc8 33. Kd3 Rd8+ 34. Kc3 Rd6 35. Ra7+ Ke6 36. Ra5 Rc6+ 37. Kb4 Rc2 38. Rxb5 Rxb2+ 39. Kxa4 Rg2 40. Rb3 Rxg3 41. Kb5 Rg4 42. a4 Rxe4 43. a5 Rh4 44. a6 Rh8 45. a7 f5 46. Ra3 Ra8 47. Kc6 f4 48. exf4 exf4 49. Kb7 Rxa7+ 50. Kxa7 Kf5 51. Kb6 Ke4 52. Ra4+ Ke3 53. Kc5 f3 54. Ra3+ Ke4 55. Kc4 1-0


[Site "https://www.chess.com"]

[Event "Titled Tuesday Blitz May 4 2021"]
[White "Mohota, Nisha"]
[Black "Lehtosaari, Mauri"]
[WhiteFideId "5004330"]
[BlackFideId "501999"]
[WhiteElo "2117"]
[BlackElo "2407"]
[Result "0-1"]
[Round "10"]
[TimeControl "180+1"]
[Date "2021.05.04"]
[WhiteClock "0:01:30"]
[BlackClock "0:01:15"]

1. b3 Nf6 2. Bb2 g6 3. e4 d6 4. g3 Bg7 5. Bg2 c5 6. Nc3 Nc6 7. Nge2 O-O 8. O-O e5 9. d3 Nh5 10. Nd5 f5 11. c4 f4 12. Nec3 Nd4 13. g4 f3 14. gxh5 fxg2 15. Kxg2 Nf3 16. Ne2 Qh4 17. Rh1 Qh3# 0-1


[Site "https://www.chess.com"]

[Event "Titled Tuesday Blitz May 4 2021"]
[White "Morris-Suzuki, Sophie"]
[Black "San, Thit Lwin"]
[WhiteFideId "30922615"]
[BlackFideId "13001272"]
[WhiteElo "2380"]
[BlackElo "2232"]
[Result "1-0"]
[Round "10"]
[TimeControl "180+1"]
[Date "2021.05.04"]
[WhiteClock "0:01:11"]
[BlackClock "0:00:02"]

1. c4 Nf6 2. Nc3 e5 3. Nf3 Nc6 4. e3 Bc5 5. a3 a5 6. Nxe5 Nxe5 7. d4 Bd6 8. c5 Bxc5 9. dxe5 Ng8 10. Bc4 Ne7 11. Qg4 d5 12. Bb5+ c6 13. Qxg7 Rg8 14. Qxh7 cxb5 15. Nxb5 Rxg2 16. Qc2 b6 17. Bd2 Bf5 18. Qa4 Qd7 19. Nc7+ Kd8 20. Qxd7+ Kxd7 21. Nxa8 Nc6 22. b4 Nxe5 23. bxc5 Nd3+ 24. Ke2 Rxf2+ 25. Kd1 Nb2+ 26. Kc1 Nd3+ 27. Kc2 Nxc5+ 28. Kd1 Kc6 29. Rg1 Kb7 30. Nxb6 Kxb6 31. Rc1 Nb3 32. Be1 Bc2+ 33. Rxc2 Rxc2 34. Kxc2 a4 35. h4 1-0


[Site "https://www.chess.com"]

[Event "Titled Tuesday Blitz May 4 2021"]
[White "Mortazavi, Ali"]
[Black "Djordjevic, Vuk"]
[WhiteFideId "401323"]
[BlackFideId "902098"]
[WhiteElo "2339"]
[BlackElo "2463"]
[Result "0-1"]
[Round "10"]
[TimeControl "180+1"]
[Date "2021.05.04"]
[WhiteClock "0:00:03"]
[BlackClock "0:00:03"]

1. Nf3 Nf6 2. g3 e6 3. Bg2 d5 4. O-O Be7 5. d3 O-O 6. Nbd2 c5 7. e4 Nc6 8. Re1 b5 9. exd5 exd5 10. d4 Bg4 11. dxc5 Bxc5 12. Nb3 Bb6 13. h3 Bh5 14. g4 Bg6 15. Be3 h5 16. g5 Ne4 17. Nbd4 Nxd4 18. Bxd4 Nxg5 19. Bxb6 Nxf3+ 20. Qxf3 Qxb6 21. Qxd5 Rad8 22. Qg5 Bxc2 23. Rac1 Bg6 24. Rc6 Qd4 25. Qxb5 Rb8 26. Qd5 Qxb2 27. Rxg6 Rb5 28. Qc4 Rb4 29. Qc5 Rb5 30. Qc4 Rb4 31. Qd5 Qc3 32. Rg3 Qxe1+ 33. Kh2 Qe6 34. Qxh5 Qf6 35. Rf3 Qd6+ 36. Rg3 Rb6 37. Be4 g6 38. Qh6 Qf6 39. Kg2 Qg7 40. Qf4 Rf6 41. Qg4 Qh6 42. Bd5 Kh7 43. Bb3 Qf4 44. Qe2 Rf5 45. Rg4 Qe5 46. Re4 Rg5+ 47. Kf1 Qa1+ 48. Bd1 Rd5 49. Ke1 Rfd8 50. Rh4+ Kg7 0-1


[Site "https://www.chess.com"]